AoeStats
← 一杯冰美式

Nomad

509876552Analyzed
4v4 RM · 5d ago on Sep 28, 2026· 31m 28s· 8 players
Game mode
Random Map
Map size
231×231
Population
200
Speed
Normal
Resources
Standard
Victory
Conquest
Starting age
Dark Age
Ending age
Imperial Age
RankedLock teamsTeams togetherTeam positionsShared explorationLock speedFull tech treeHidden civsTurbo modeCheats
Victory
Defeat
🇨🇳 Magyars · China
1130
+11
🇹🇼 Japanese · Taiwan
1101
+13
1062
+14
🇭🇰 Varangians · Hong Kong SAR China
994
+17
🇸🇪 Spanish · Sweden
1088
-16
🇬🇧 Vikings · United Kingdom
1021
-14
🇨🇳 Armenians · China
991
-13
🇩🇪 Huns · Germany
989
-12
我的要强在作怪
9:30 Loom
14:00 Feudal Age
16:39 Town Watch
16:51 Double-Bit Axe
19:09 Castle Age
17:55 Horse Collar
20:12 Fletching
20:23 Padded Archer Armor
21:00 Bow Saw
20:26 Crossbowman
31:11 Ballistics
31:53 Thumb Ring
momint12356
12:23 Loom
14:39 Feudal Age
19:11 Castle Age
18:36 Double-Bit Axe
18:55 Fishing Lines
20:11 Gillnets
22:32 Scale Barding Armor
25:28 Horse Collar
27:04 Forging
一个有故事的ID
5:33 Loom
13:52 Feudal Age
25:49 Fletching
29:55 Double-Bit Axe
33:16 Castle Age
31:27 Fishing Lines
一杯冰美式
3:52 Loom
16:29 Feudal Age
17:09 Town Watch
22:03 Castle Age
25:41 Gold Mining
31:58 Forging
devolvedreint
3:49 Loom
16:38 Feudal Age
17:03 Man-at-Arms
18:33 Fishing Lines
19:43 Arson
20:13 Forging
20:04 Scale Mail Armor
20:40 Double-Bit Axe
20:38 Horse Collar
29:05 Castle Age
jphilkill
4:07 Loom
17:16 Feudal Age
19:03 Wheelbarrow
18:15 Double-Bit Axe
22:21 Castle Age
20:46 Forging
20:37 Scale Mail Armor
20:42 Scale Barding Armor
20:35 Stone Mining
21:59 Gold Mining
MIG99
4:52 Loom
15:44 Feudal Age
16:14 Double-Bit Axe
16:59 Man-at-Arms
18:09 Horse Collar
17:58 Long Swordsman
22:33 Scale Mail Armor
22:25 Arson
25:23 Forging
25:17 Gold Mining
29:37 Castle Age
27:57 Fletching
29:43 Elite Skirmisher
Lynx77
8:10 Loom
15:17 Feudal Age
19:56 Man-at-Arms
Connection lost

Rejoining the realm…

Still unreachable

The connection could not be restored.

Session expired

The server has moved on; the page needs a fresh start.